 Dungeon Crawl Stone Soup version 0.31.0-9-g3a7656b989 (webtiles) character file.

Game seed: 2914014784763081958

49 qw the Shooter (level 3, -8/18 HPs)
             Began as a Spriggan Hunter on Feb 2, 2024.
             Mangled by a gnoll
             ... wielding a +1 heavy spear
              (10 damage)
             ... on level 2 of the Dungeon.
             The game lasted 00:00:03 (1015 turns).

qw the Shooter (Spriggan Hunter)                    Turns: 1015, Time: 00:00:04

Health: -8/18      AC:  2    Str:  7    XL:     3   Next: 53%
Magic:  4/4        EV: 19    Int: 10    God:
Gold:   79         SH:  0    Dex: 20    Spells: 2/2 levels left

rFire   . . .        a - +0 shortbow
rCold   . . .        (shield currently unavailable)
rNeg    . . .        c - +0 robe
rPois   .            (helmet restricted)
rElec   .            (no cloak)
rCorr   .            (gloves unavailable)
SInv    +            (boots unavailable)
Will    .....        (no amulet)
Stlth   ++           (no ring)
HPRegen 0.23/turn    (no ring)
MPRegen 0.09/turn

%: no passive effects
@: very quick
A: very small, no large weapons, unfitting armour, see invisible, speed 3
a: no special abilities


You were on level 2 of the Dungeon.
You visited 1 branch of the dungeon, and saw 2 of its levels.

You collected 79 gold pieces.


Innate Abilities, Weirdness & Mutations

You are very small and have problems with some larger weapons.
You are too small for most types of armour.
You have supernaturally acute eyesight. (SInv)
You cover ground extremely quickly. (Speed+++)


   Skills:
 - Level 1.5 Fighting
 + Level 4.8 Ranged Weapons
 - Level 4.0 Dodging
 - Level 1.5 Stealth


You had 2 spell levels left.
You didn't know any spells.
Your spell library was empty.

Inventory:

Hand Weapons
 a - a +0 shortbow (weapon)
Armour
 c - a +0 robe (worn)
Jewellery
 b - a +4 ring of protection
Potions
 d - a potion of enlightenment {unknown}
 e - a potion of curing {unknown}

Dungeon Overview and Level Annotations

Branches:
Dungeon (2/15)

Altars:


Message History

The gnoll shouts!
Enter note:
1001 ||| RETREEEEATING.
1002 ||| RETREEEEATING.
1003 ||| RETREEEEATING.
Enter note:
Enter note:
1004 ||| RETREEEEATING.
You shoot an arrow. The arrow barely misses the gnoll.
You shoot an arrow. The arrow hits the gnoll.
You kill the gnoll!
You have reached level 3!
Your experience leads to an increase in your attributes!
Increase (S)trength, (I)ntelligence, or (D)exterity?
You feel agile. x2
1007 ||| RETREEEEATING.
You shoot an arrow. The arrow barely misses the gnoll.
The gnoll misses you.
You shoot an arrow. The arrow hits the gnoll.
The gnoll is moderately wounded.
The gnoll closely misses you.
You shoot an arrow. The arrow hits the gnoll!
The gnoll is almost dead.
The gnoll misses you. x2
You shoot an arrow. The arrow hits the gnoll.
You kill the gnoll!
The gnoll hits you from afar with a +0 spear.
You shoot an arrow. The arrow hits the gnoll.
The gnoll is heavily wounded.
The gnoll hits you from afar with a +0 spear.
You shoot an arrow. The arrow hits the gnoll.
The gnoll is heavily wounded.
The gnoll closely misses you.
The gnoll hits you from afar with a +0 spear!
You shoot an arrow. The arrow hits the gnoll!
You kill the gnoll!
You shoot an arrow. The arrow barely misses the gnoll.
The gnoll hits you from afar with a +1 heavy spear!
Ouch! That really hurt!
You die...

#.7..P...##...8....####
# #....P###..8>8..##
#.#..P7## #...8...#
#..P7.# #........
#..#..# ... #....##
#.###.## ..#
##.#########. ....
#.g)@....... ...
##.##########
.....###........#
#..g#######.# ##g..#
#.#.# #. .. g. ### ##.


You could see a gnoll.

Vanquished Creatures
  3 gnolls (D:2)
  2 endoplasms
  2 giant cockroaches
  A goblin (D:1)
  2 hobgoblins
  A jackal (D:2)
  4 kobolds
  2 bats (D:1)
  A frilled lizard (D:1)
  A rat (D:1)
19 creatures vanquished.

Notes
Turn   | Place    | Note
-------+----------+-------------------------------------------
     0 | D:1      | qw the Spriggan Hunter began the quest for the Orb.
     0 | D:1      | Reached XP level 1. HP: 10/10 MP: 2/2
     0 | D:1      | 0 ||| qw: Version: 0.3-a-155-g5e7d8dd
     0 | D:1      | 0 ||| qw: Game counter: 2788
     0 | D:1      | 0 ||| qw: Melee chars always use a shield: true
     0 | D:1      | 0 ||| qw: God list: Okawaru
     0 | D:1      | 0 ||| qw: Allow faded altars: false
     0 | D:1      | 0 ||| qw: Do Orc after clearing Dungeon:15 true
     0 | D:1      | 0 ||| qw: Do second Lair branch before Depths: true
     0 | D:1      | 0 ||| qw: Lair rune preference: random
     0 | D:1      | 0 ||| qw: Goals: Normal
     0 | D:1      | 0 ||| PLANNING D:1-11
    45 | D:1      | Reached skill level 3 in Dodging
   288 | D:1      | Reached XP level 2. HP: 14/14 MP: 3/3
   847 | D:1      | 847 ||| READING scroll labelled YQEMAI XAQUPA.
   851 | D:1      | 851 ||| READING scroll labelled XEMEHIRREDD.
   852 | D:1      | 852 ||| DROPPING scroll of butterflies.
   997 | D:2      | 997 ||| RETREEEEATING.
  1000 | D:2      | 1000 ||| RETREEEEATING.
  1001 | D:2      | 1001 ||| RETREEEEATING.
  1002 | D:2      | 1002 ||| RETREEEEATING.
  1003 | D:2      | 1003 ||| RETREEEEATING.
  1004 | D:2      | 1004 ||| RETREEEEATING.
  1007 | D:2      | Reached XP level 3. HP: 18/18 MP: 4/4
  1007 | D:2      | 1007 ||| RETREEEEATING.
  1013 | D:2      | HP: 1/18 [gnoll/+0 spear (7)]
  1015 | D:2      | Mangled by a gnoll

Levels and vault maps discovered:
D:1:      dpeg_arrival_water_temple_mockup, layout_loops_corners
D:2:      layout_loops_ring, basic_ecumenical_altar, grunt_ministairs_10,
          corner_web_ring, serial_bayou_pond_e, serial_bayou_pond_a,
          skrybe_limestone_x, st_stairs_14, hex_medium

Skill      XL: |  1  2 |
---------------+-------+-----
Dodging        | 3 4 |  4.0
Fighting       | |  1.5
Ranged Weapons | |  4.8
Stealth        | |  1.5

Action                     || total
---------------------------++-------
   Fire: Shortbow          ||    53
    Use: Scroll            ||     2
 Armour: Robe              ||     8
  Dodge: Dodged            ||    16

Table legend:
 A = Non-vault XP
 B = Vault XP
 C = Vault XP percentage of total XP
 D = Non-vault monster count
 E = Vault monster count
 F = Vault count percentage of total count
                 A         B        C        D         E       F
            +---------+---------+-------+---------+---------+-------
      Total |      69 |       2 |   2.8 |      18 |       1 |   5.3
            +---------+---------+-------+---------+---------+-------
        D:1 |      17 |       0 |   0.0 |      11 |       0 |   0.0
        D:2 |      52 |       2 |   3.7 |       7 |       1 |  12.5
            +---------+---------+-------+---------+---------+-------
